 Dungeon Crawl Stone Soup version 0.31-a0-764-g8440623082 (webtiles) character file.

Game seed: 8519989453897475844

31579 Pixllover the Cleaver (level 13, 0/126 HPs)
             Began as a Gargoyle Berserker on Sept 15, 2023.
             Was a High Priest of Trog.
             Slain by Snorg (20 damage)
             ... on level 12 of the Dungeon.
             The game lasted 00:41:36 (12151 turns).

Pixllover the Cleaver (Gargoyle Berserker)         Turns: 12151, Time: 00:41:36

Health: 0/126      AC: 32    Str: 26    XL:     13   Next: 59%
Magic:  0/13       EV: 10    Int:  8    God:    Trog [*****.]
Gold:   492        SH:  0    Dex: 15    Spells: 12/12 levels left

rFire   x . .        E - +2 war axe (vamp)
rCold   + . .        n - orb {light}
rNeg    + . .        c - +0 plate armour
rPois   ∞            h - +2 helmet
rElec   +            b - +0 cloak
rCorr   .            (no gloves)
SInv    .            A - +2 pair of boots
Will    .....        k - amulet of guardian spirit Stlth
                     B - ring of ice
HPRegen 0.41/turn    I - +6 ring of dexterity
MPRegen 0.13/turn

%: guardian spirit
@: berserking, glowing, very quick
A: sickness immunity, AC +9, negative energy resistance 1, electricity
resistance, torment resistance 1, petrification resistance
a: Renounce Religion, Berserk, Trog's Hand, Brothers in Arms


You were on level 12 of the Dungeon.
You worshipped Trog.
Trog was extremely pleased with you.
You visited 1 branch of the dungeon, and saw 12 of its levels.
You also visited: Sewer and Bailey.

You collected 536 gold pieces.
You spent 44 gold pieces at shops.

Inventory:

Hand Weapons
 y - a +0 battleaxe
 E - a +2 vampiric war axe (weapon)
Missiles
 f - 50 poisoned darts (quivered)
 r - 4 curare-tipped darts
 M - 2 throwing nets
Armour
 b - a +0 cloak (worn)
 c - a +0 plate armour (worn)
 h - a +2 helmet (worn)
 n - an orb of light (worn)
 A - a +2 pair of boots (worn)
Jewellery
 k - an amulet of guardian spirit (around neck)
 B - a ring of ice (left hand)
 G - an amulet of reflection
 I - a +6 ring of dexterity (right hand)
 P - a ring of positive energy
 Q - a ring of fire
Wands
 j - a wand of polymorph (22)
 m - a wand of mindburst (6)
 C - a wand of roots (6)
 D - a wand of flame (14)
Scrolls
 d - 3 scrolls of fog
 o - a scroll of enchant armour {unknown}
 q - a scroll of vulnerability {unknown}
 s - 4 scrolls of teleportation
 u - a scroll of butterflies {unknown}
 w - 2 scrolls of fear
 F - 2 scrolls of identify
 H - a scroll of noise {unknown}
 J - a scroll of poison
 L - a scroll of amnesia {unknown}
 N - 2 scrolls of revelation
 R - a scroll of blinking
Potions
 a - 3 potions of lignification
 e - a potion of brilliance {unknown}
 g - a potion of enlightenment {unknown}
 i - 2 potions of cancellation
 l - 2 potions of might
 p - 4 potions of curing
 t - 3 potions of mutation
 v - 2 potions of heal wounds
 x - 2 potions of haste
 z - a potion of invisibility {unknown}
 K - a potion of berserk rage {unknown}
 O - a potion of ambrosia {unknown}


   Skills:
 + Level 11.6 Fighting
 + Level 3.5 Short Blades
 + Level 14.3(14.4) Axes
 + Level 3.8(10.8) Maces & Flails
 + Level 3.4 Throwing
 + Level 10.8 Armour
 + Level 5.0 Dodging
 + Level 1.7 Stealth
 + Level 2.4 Unarmed Combat


You had 12 spell levels left.
You didn't know any spells.
Your spell library was empty.

Dungeon Overview and Level Annotations

Branches:
Dungeon (12/15)            Temple (0/1) D:7            Lair (0/5) D:9
    Orc (0/2) D:12          Sewer (visited)          Bailey (visited)

Altars:
Elyvilon
Fedhas
Hepliaklqana
Kikubaaqudgha
Ru
Trog
Uskayaw
Vehumet
Wu Jian
Xom
Yredelemnul

Shops:
D:4 ?   D:6 [

Annotations:
D:11 exclusion: obsidian statue
D:12 Snorg


Innate Abilities, Weirdness & Mutations

You are immune to sickness and miasma.
Your stone body is resilient. (AC +9)
You are immune to poison.
You resist negative energy. (rN+)
You are resistant to electric shocks. (rElec)
You are resistant to unholy torment.
You are immune to petrification.


Message History

Snorg bites you. Snorg claws you but does no damage. x2
A red film seems to cover your vision as you go berserk!
You feel yourself moving faster!
You feel mighty! Snorg bites you but does no damage. Snorg barely misses you.
Snorg claws you but does no damage. Snorg bites you. Snorg claws you.
Snorg barely misses you.
You barely miss Snorg.
Snorg is heavily wounded.
Snorg bites you! Snorg misses you. Snorg barely misses you.
You barely miss Snorg.
Snorg is heavily wounded.
Snorg bites you but does no damage. Snorg barely misses you. x2
You slash Snorg!
You feel better.
Snorg is heavily wounded.
You slice Snorg!!
You feel better.
Snorg is severely wounded.
Snorg closely misses you. Snorg completely misses you. Snorg misses you.
You completely miss Snorg.
Snorg is severely wounded.
Snorg barely misses you. Snorg claws you! Snorg completely misses you.
You barely miss Snorg.
Snorg is severely wounded.
Snorg bites you!
* * * LOW HITPOINT WARNING * * *
Snorg claws you but does no damage. Snorg claws you!
* * * LOW HITPOINT WARNING * * *
You slash Snorg!
You feel better.
Snorg is almost dead.
Snorg bites you!
* * * LOW HITPOINT WARNING * * *
Snorg claws you but does no damage. x2
You barely miss Snorg.
Snorg is almost dead.
Snorg bites you!
* * * LOW HITPOINT WARNING * * *
Snorg claws you but does no damage. x2
You slash Snorg!
You feel better.
Snorg is almost dead.
Snorg bites you!!
You die...

#.# ###.# #..#
.. .##...##..#
.. .........#
..# #...#..##
.###.##..####.#
.......<......#
.........######
####.##.## #.
#@# . #T#
##.....#
##.#..# ######
### #.#..#
.....#
#.#######.#
####.#
#.#.....#.. #.#
##.8.....#.#
#.#
#..')....#.#


You could see Snorg (berserk).

Vanquished Creatures
  Frances (D:12)
  A boulder beetle (D:12)
  2 two-headed ogres
  6 death yaks (D:9)
  An orc knight (Bailey)
  A manticore (D:11)
  2 ugly things (D:12)
  The ghost of paps the Changeling, a novice OpSh of Gozag (D:6)
  2 cyclopes
  5 centaur zombies (D:10)
  2 gargoyles
  4 kobold demonologists
  An unseen horror (D:12)
  A tengu conjurer (D:11)
  2 unseen horror zombies (D:10)
  A troll (D:11)
  A hornet (D:8)
  2 meliai zombies (D:10)
  Sigmund (D:4)
  2 shadows
  6 yaks (D:11)
  A vampire (D:12)
  2 wraiths
  Grum (D:8)
  2 steam dragons
  Menkaure (D:7)
  An acid dragon (D:12)
  2 water moccasins
  A black bear (D:8)
  A sky beast (D:8)
  12 orc warriors
  An ice beast (D:7)
  4 centaurs
  4 ogres
  3 wolves (D:8)
  16 kobold brigands
  Blork the orc (D:6)
  A gnoll sergeant (D:8)
  3 scorpions
  2 bullfrogs
  8 wights (D:7)
  28 killer bees
  5 howler monkeys
  A hound (D:6)
  2 jellies
  8 orc priests
  A gnoll bouda (D:7)
  An iguana (D:7)
  6 orc wizards
  A sleepcap (D:7)
  Robin (D:2)
  A howler monkey zombie (D:10)
  17 gnolls
  4 adders
  2 river rats
  A white imp (D:7)
  An ufetubus (D:4)
  6 worms
  A dart slug (D:2)
  60 orcs
  10 endoplasms
  4 giant cockroaches
  8 goblins
  12 hobgoblins
  8 jackals
  18 kobolds
  2 quokkas (D:3)
  7 ball pythons
  3 bats
  A frilled lizard (D:2)
  8 rats
340 creatures vanquished.

Vanquished Creatures (collateral kills)
  A boulder beetle (D:12)
  An orc knight (D:12)
  A kobold demonologist (D:11)
  A komodo dragon (D:12)
  3 orc warriors (D:12)
  An orc priest (D:12)
  9 orcs (D:12)
17 creatures vanquished.

Grand Total: 357 creatures vanquished

Notes
Turn   | Place    | Note
-------+----------+-------------------------------------------
     0 | D:1      | Pixllover the Gargoyle Berserker began the quest for the
                  | Orb.
     0 | D:1      | Reached XP level 1. HP: 14/14 MP: 1/1
   416 | D:1      | Reached XP level 2. HP: 19/19 MP: 2/2
   693 | D:1      | Reached XP level 3. HP: 24/24 MP: 3/3
   952 | D:2      | Noticed Robin
   977 | D:2      | Reached ** piety under Trog
  1000 | D:2      | Killed Robin
  1004 | D:2      | Reached XP level 4. HP: 9/29 MP: 4/4
  1294 | D:2      | Found a hazy altar of Hepliaklqana.
  1641 | D:3      | Reached skill level 1 in Short Blades
  1658 | D:3      | Found a glowing drain.
  1663 | Sewer    | Entered a sewer
  1902 | Sewer    | Noticed a kobold brigand
  1916 | Sewer    | Killed a kobold brigand
  1917 | Sewer    | Reached XP level 5. HP: 32/34 MP: 5/5
  1940 | Sewer    | Reached skill level 1 in Stealth
  2101 | Sewer    | Noticed a kobold brigand
  2101 | Sewer    | Noticed a kobold brigand
  2114 | Sewer    | Killed a kobold brigand
  2115 | Sewer    | Reached XP level 6. HP: 28/39 MP: 2/6
  2503 | D:3      | Reached *** piety under Trog
  3197 | D:4      | Reached skill level 5 in Fighting
  3197 | D:4      | Reached XP level 7. HP: 44/44 MP: 7/7
  3347 | D:4      | Reached skill level 1 in Axes
  3516 | D:4      | Reached skill level 2 in Axes
  3543 | D:4      | Found The Oracle's Delphic Readings.
  3549 | D:4      | Bought a scroll of identify for 22 gold pieces
  3552 | D:4      | Bought a scroll of identify for 22 gold pieces
  3614 | D:4      | Noticed Sigmund
  3622 | D:4      | Killed Sigmund
  3623 | D:4      | Reached skill level 3 in Axes
  3640 | D:4      | Found a blossoming altar of Fedhas.
  3725 | D:4      | Found an ornate altar of the Wu Jian Council.
  4268 | D:5      | Entered Level 5 of the Dungeon
  4283 | D:5      | Reached XP level 8. HP: 44/50 MP: 6/8
  4377 | D:5      | Reached skill level 4 in Axes
  5155 | D:6      | Found Jugizud's Armour Shoppe.
  5160 | D:6      | Reached skill level 5 in Axes
  5178 | D:6      | Reached skill level 5 in Armour
  5321 | D:6      | Noticed Blork the orc
  5342 | D:6      | Killed Blork the orc
  5346 | D:6      | Reached **** piety under Trog
  5395 | D:6      | Reached skill level 6 in Axes
  5395 | D:6      | Reached XP level 9. HP: 51/56 MP: 7/9
  5620 | D:6      | Found a runed translucent gate.
  5620 | D:6      | Found a runed translucent gate.
  5620 | D:6      | Found a runed translucent gate.
  5626 | D:6      | Noticed a kobold demonologist
  5628 | D:6      | Noticed paps's ghost (novice OpSh)
  6072 | D:6      | Killed a kobold demonologist
  6073 | D:6      | Reached skill level 7 in Axes
  6076 | D:6      | Killed paps's ghost
  6087 | D:6      | Reached skill level 8 in Axes
  6087 | D:6      | Reached skill level 1 in Unarmed Combat
  6334 | D:7      | Reached XP level 10. HP: 63/63 MP: 10/10
  6369 | D:7      | Found a white marble altar of Elyvilon.
  6486 | D:7      | Found an ancient bone altar of Kikubaaqudgha.
  6603 | D:7      | Reached skill level 9 in Axes
  6733 | D:7      | Noticed Menkaure
  6739 | D:7      | Killed Menkaure
  7266 | D:7      | Found a staircase to the Ecumenical Temple.
  7534 | D:8      | Noticed Grum
  7573 | D:8      | Killed Grum
  7614 | D:8      | Found a shimmering altar of Xom.
  7616 | D:8      | Found a bloodstained altar of Trog.
  7618 | D:8      | Found a radiant altar of Vehumet.
  7699 | D:8      | Found a flagged portal.
  7720 | D:8      | Reached skill level 10 in Axes
  7736 | Bailey   | Entered a bailey
  7791 | Bailey   | Reached ***** piety under Trog
  7998 | Bailey   | Noticed an orc knight
  8013 | Bailey   | Killed an orc knight
  8014 | Bailey   | Reached XP level 11. HP: 69/69 MP: 7/11
  8746 | D:8      | Reached skill level 11 in Axes
  8746 | D:8      | Reached XP level 12. HP: 76/76 MP: 12/12
  8940 | D:9      | Noticed a death yak
  8940 | D:9      | Noticed a death yak
  8941 | D:9      | Noticed a death yak
  8941 | D:9      | Noticed a death yak
  8941 | D:9      | Noticed a death yak
  8942 | D:9      | Noticed a death yak
  8953 | D:9      | Found a staircase to the Lair.
  8960 | D:9      | Killed a death yak
  8963 | D:9      | Killed a death yak
  8967 | D:9      | Killed a death yak
  8968 | D:9      | Reached skill level 10 in Fighting
  8968 | D:9      | Reached skill level 12 in Axes
  8973 | D:9      | Killed a death yak
  8981 | D:9      | Killed a death yak
  8997 | D:9      | Killed a death yak
  9095 | D:9      | Found a sacrificial altar of Ru.
  9589 | D:10     | Entered Level 10 of the Dungeon
  9688 | D:10     | Found a hide-covered altar of Uskayaw.
  9716 | D:10     | Noticed a two-headed ogre
  9725 | D:10     | Killed a two-headed ogre
  9834 | D:10     | Reached skill level 10 in Armour
  9862 | D:10     | Found a basalt altar of Yredelemnul.
 10161 | D:11     | Reached skill level 13 in Axes
 10183 | D:11     | Noticed a sun demon
 10424 | D:11     | Reached XP level 13. HP: 83/83 MP: 13/13
 11312 | D:12     | Reached skill level 5 in Dodging
 11731 | D:12     | Reached skill level 14 in Axes
 11755 | D:12     | Found a staircase to the Orcish Mines.
 11827 | D:12     | Noticed Frances
 11847 | D:12     | Killed Frances
 12130 | D:12     | Noticed Snorg
 12151 | D:12     | Slain by Snorg

Illustrated notes

Levels and vault maps discovered:
D:1:      dpeg_arrival_chambers_temple_mockup, layout_basic
D:2:      layout_rooms, basic_altar, uniq_robin
D:3:      layout_loops_ring, gup_sewer_entry_bowl, chequers_serial_rivers_room_a
D:4:      layout_gridville, fedhas_altar_2, nicolae_wu_jian_immortal_techniques,
          serial_co_window_serial, co_window_corner_a, co_window_paths_b,
          co_window_of_opportunity_a, co_window_corner_a,
          co_window_of_opportunity_a, co_window_corner_b, co_window_corner_b,
          co_window_broadway_b, co_window_corner_b, co_window_4corner_b,
          co_window_paths_d, glass_columns_b, glass_columns_a,
          nicolae_nh_oracle_at_delphi, uniq_sigmund
D:5:      layout_loops_corners
D:6:      layout_basic, serial_shops, nicolae_shop_window_shopping,
          gammafunk_ghost_nasty_kobolds, uniq_blork_the_orc
D:7:      layout_loops_corners, mainiacjoe_overflow_24_doors,
          mainiacjoe_overflow_concentric_impassable,
          minmay_temple_entry_poolview, kennysheep_path_1, uniq_menkaure
D:8:      layout_basic, grunt_temple_overflow_open, enter_bailey_2,
          nicolae_ossuary_entry_plus, uniq_grum
D:9:      layout_loops_ring, mainiacjoe_overflow_paths, dpeg_lair_monsters,
          grunt_ministairs_6
D:10:     layout_rooms, nicolae_yredelemnul_corpse_copse,
          mainiacjoe_overflow_alcove_1
D:11:     layout_cave_pools, minmay_protected_statue
D:12:     layout_loops_ring, david_orc_5, uniq_snorg, uniq_frances

Skill      XL: |  1  2  3  4  5  6  7  8  9 10 11 12 13 |
---------------+----------------------------------------+-----
Fighting       | 4 5 6 7 8 9 10 11 | 11.6
Short Blades   | 2 3 |  3.5
Dodging        | 2 3 4 5 |  5.0
Stealth        | 1 |  1.7
Armour         | 3 4 5 6 7 8 10 | 10.8
Axes           | 3 6 8 10 11 13 14 | 14.3
Unarmed Combat | 1 2 |  2.4
Throwing       | 3 |  3.4
Maces & Flails | |  3.8

Action                     |  1- 3 |  4- 6 |  7- 9 | 10-12 | 13-15 || total
---------------------------+-------+-------+-------+-------+-------++-------
  Melee: Mace              |    34 |       |       |       |       ||    34
         Short sword       |    60 |   181 |       |       |       ||   241
         Punch             |     1 |       |       |       |       ||     1
         Hand axe          |       |    46 |   148 |       |       ||   194
         War axe           |       |       |    54 |   438 |   230 ||   722
         Unarmed           |       |       |    35 |       |       ||    35
  Throw: Dart              |       |       |       |     1 |       ||     1
 Invoke: Berserk           |     1 |       |     3 |     2 |     1 ||     7
         Brothers in Arms  |       |       |       |     2 |     1 ||     3
    Use: Potion            |       |     1 |       |     2 |       ||     3
         Scroll            |       |     1 |    12 |     1 |       ||    14
   Stab: Distracted        |       |       |       |       |     1 ||     1
 Armour: Animal skin       |    65 |    12 |       |       |       ||    77
         Chain mail        |       |   106 |    66 |       |       ||   172
         Plate armour      |       |       |   223 |   656 |   230 ||  1109
         Skin              |       |       |    31 |       |       ||    31
  Dodge: Dodged            |    60 |    77 |   162 |   292 |   114 ||   705

Table legend: (Time is in decaauts)
 A = Elapsed time spent in this place.
 B = Non-inter-level travel time spent in this place.
 C = Inter-level travel time spent in this place.
 D = Time resting spent in this place.
 E = Time spent auto-exploring this place.
 F = Levels seen in this place.
 G = Mean time per level.
                   A        B        C        D        E       F      G
               +--------+--------+--------+--------+--------+-----+--------+
         Total |  12283 |  12046 |    237 |    801 |   4429 |  14 |  877.4 |
       Dungeon |  10973 |  10736 |    237 |    685 |   4337 |  12 |  914.4 |
         Sewer |    806 |    806 |      0 |    116 |     60 |   1 |  806.0 |
        Bailey |    503 |    503 |      0 |      0 |     32 |   1 |  503.0 |
               +--------+--------+--------+--------+--------+-----+--------+

Top non-repeatable levels by time:
     D:4: 1314 daAuts
     D:7: 1191 daAuts
     D:6: 1153 daAuts
     D:1: 940 daAuts
     D:5: 888 daAuts
    D:12: 871 daAuts
     D:8: 831 daAuts
    D:11: 827 daAuts
   Sewer: 806 daAuts
    D:10: 802 daAuts
     D:9: 784 daAuts
     D:3: 782 daAuts
     D:2: 585 daAuts
  Bailey: 503 daAuts
